 Seeded DCSS version 0.29.1-1-gd02db6906a (webtiles) character file.

Game seed: 11355732149685707320 (custom seed)

14154 gzilladon the Cleaver (level 12, -10/106 HPs)
             Began as a Hill Orc Monk on Sept 28, 2022.
             Was an Elder of Beogh.
             Mangled by Rupert
             ... wielding a +1 great mace of draining
              (39 damage)
             ... on level 13 of the Dungeon.
             The game lasted 00:49:54 (12755 turns).

gzilladon the Cleaver (Hill Orc Monk)              Turns: 12755, Time: 00:49:55

Health: -10/106    AC: 14    Str: 25    XL:     12   Next: 13%
Magic:  18/18      EV:  7    Int:  6    God:    Beogh [****..]
Gold:   592        SH: 16    Dex: 13    Spells: 11/11 levels left

rFire   . . .      SeeInvis .   h - +7 hand axe "Syocwij" {vamp, *Rage +Blink rN+++ Int-4}
rCold   . . .      Faith    .   f - +0 tower shield
rNeg    + + +      Spirit   .   n - +0 chain mail
rPois   .          Reflect  .   K - +0 helmet
rElec   .          Harm     .   (no cloak)
rCorr   .          Rampage  .   (no gloves)
Will    .....      Rage     20% t - +0 pair of boots
Stlth   ..........              (no amulet)
HPRegen 0.27/turn               l - +6 ring of strength
MPRegen 0.16/turn               (no ring)

@: on berserk cooldown, slowed, very slow
A: no striking features
a: Renounce Religion, Evoke Blink, Smiting, Recall Orcish Followers


You were on level 13 of the Dungeon.
You worshipped Beogh.
Beogh was greatly pleased with you.
You visited 1 branch of the dungeon, and saw 13 of its levels.

You collected 592 gold pieces.

Inventory:

Hand Weapons
 a - a +0 hand axe
 h - the +7 hand axe "Syocwij" (weapon) {vamp, *Rage +Blink rN+++ Int-4}
   (You found it on level 4 of the Dungeon)

   It occasionally heals its wielder for a portion of the damage dealt when it
   wounds a living foe.
   Int:       It affects your intelligence (-4).
   rN:        It renders you almost immune to negative energy.
   +Blink:    It lets you blink.
   *Rage:     It berserks you when you make melee attacks (+20% chance).
 I - a +3 spear of freezing
 L - a +0 battleaxe
Missiles
 g - 66 stones (quivered)
 m - 7 boomerangs
 o - 5 poisoned darts
Armour
 b - a +0 robe
 d - a +0 scale mail
 f - a +0 tower shield (worn)
 n - a +0 chain mail (worn)
 t - a +0 pair of boots (worn)
 K - a +0 helmet (worn)
 M - a +0 chain mail
 N - a +0 chain mail
Magical Staves
 w - a staff of conjuration
 y - a staff of conjuration
 H - a staff of earth
Jewellery
 l - a +6 ring of strength (left hand)
 p - an amulet of guardian spirit
 v - a +6 ring of intelligence
 B - a ring of fire
 F - an amulet of faith
 T - a ring of ice
 X - a ring of fire
Wands
 u - a wand of flame (37)
 G - a wand of light (9)
Scrolls
 c - 2 scrolls of magic mapping {unknown}
 e - 16 scrolls of identify {unknown}
 i - 2 scrolls of fear {unknown}
 j - a scroll of blinking {unknown}
 q - 2 scrolls of teleportation {unknown}
 r - a scroll of summoning
 D - 2 scrolls of poison {unknown}
 P - a scroll of immolation {unknown}
 Q - a scroll of enchant armour {unknown}
 U - a scroll of vulnerability {unknown}
 W - a scroll of enchant weapon {unknown}
Potions
 k - a potion of degeneration {unknown}
 s - 3 potions of might {unknown}
 x - 4 potions of curing {unknown}
 z - 2 potions of lignification {unknown}
 A - 3 potions of mutation {unknown}
 C - 2 potions of flight {unknown}
 E - a potion of invisibility
 J - a potion of brilliance {unknown}
 O - a potion of haste {unknown}
 R - a potion of heal wounds {unknown}
 S - a potion of attraction {unknown}
 V - a potion of cancellation {unknown}
 Y - a potion of berserk rage
Miscellaneous
 Z - a tin of tremorstones (2/2)


   Skills:
 * Level 9.9 Fighting
 + Level 11.2 Axes
 * Level 10.8 Armour
 + Level 3.8 Dodging
 - Level 1.5 Stealth
 * Level 10.7 Shields
 * Level 8.8 Invocations


You had 11 spell levels left.
You didn't know any spells.
Your spell library contained the following spells:

 Spells                   Type           Power      Damage    Failure   Level
 Anguish                  Hex/Necr       0%         N/A       100%        4
 Enfeeble                 Hex            0%         N/A       100%        7


Dungeon Overview and Level Annotations

Branches:
Dungeon (13/15)            Temple (0/1) D:4            Lair (0/5) D:9
    Orc (0/2) D:12         Vaults (0/5) D:13

Altars:
Ashenzari
Cheibriados
Dithmenos
Elyvilon
Fedhas
Gozag
Makhleb
Okawaru
Qazlal
Ru
Trog
Vehumet
Zin
The Shining One

Shops:
D:1 *   D:4 :   D:6 [   D:9 =

Annotations:
D:7 1 runed translucent door, Crazy Yiuf
D:13 Rupert


Message History

You feel yourself moving faster!
You feel mighty!
You slash the catoblepas!
The catoblepas is almost dead.
The catoblepas gores you but does no damage.
Grimold hits the catoblepas with a +0 flail of holy wrath!!
The catoblepas dies!
Beogh accepts your kill.
Grimold looks more experienced.
You have turned to stone.
Grimold stops moving altogether!
Rupert hits Grimold but does no damage.
Rupert drains Grimold.
Rupert roars wildly at you.
Grimold appears confused.
Rupert hits Grimold with a +1 great mace of draining!!
Rupert drains Grimold.
Rupert roars madly and goes into a rage!
Rupert goes berserk!
Rupert hits Grimold with a +1 great mace of draining!!!
Rupert drains Grimold!
Rupert hits Grimold with a +1 great mace of draining!!
Rupert drains Grimold.
Rupert hits Grimold with a +1 great mace of draining!! x2
Rupert hits Grimold with a +1 great mace of draining!!!
Grimold dies!
Rupert barely misses your orc wizard.
Your orc wizard misses Rupert.
You are no longer berserk.
You feel yourself slow down.
Rupert hits your orc wizard with a +1 great mace of draining!!
Rupert drains your orc wizard!
Your orc wizard dies!
You turn to flesh and can move again.
You hit Rupert.
Rupert is lightly wounded.
Rupert hits you with a +1 great mace of draining!!
Rupert hits you with a +1 great mace of draining!!!
You slash Rupert!
You feel better.
Rupert is lightly wounded.
Rupert hits you with a +1 great mace of draining!
* * * LOW HITPOINT WARNING * * *
Rupert hits you with a +1 great mace of draining!!!
You die...

########### #.........#
#.........# #.........#
#######........#######
...............#§§....
########.........#+#+#+#
......@@.........#......
.######........#.#∩.....
#........#.#......
#........#.#+#'#+#
#.>........# #.#
#........#.# #####
#........#... ..#
#........#######.#
#........##...o..#


You could see Rupert (berserk).

Vanquished Creatures
  Nessos (D:13)
  A vault guard (D:13)
  A two-headed ogre (D:9)
  Pikel (D:5)
  A manticore (D:11)
  Joseph (D:7)
  A water elemental (D:13)
  6 humans (D:13)
  5 wyverns
  4 yaks (D:10)
  A basilisk (D:9)
  A steam dragon (D:9)
  A warg (D:12)
  2 vampire mosquitoes (D:12)
  2 acid dragons
  3 water moccasins
  An orc warrior (D:9)
  A sky beast (D:8)
  A phantom (D:5)
  5 centaurs
  A kobold brigand (D:10)
  Blork the orc (D:5)
  2 necrophages
  2 scorpions
  A wight (D:9)
  A killer bee (D:11)
  A howler monkey (D:10)
  An iguana (D:5)
  4 orc wizards
  4 gnolls
  3 river rats (D:3)
  8 adders
  2 shadow imps
  3 worms
  A dart slug (D:4)
  14 orcs
  4 endoplasms
  5 giant cockroaches
  8 goblins
  6 hobgoblins
  2 ball pythons
  3 bats
  2 frilled lizards
  7 kobolds
  2 rats
128 creatures vanquished.

Vanquished Creatures (collateral kills)
  A centaur warrior (D:13)
  A boulder beetle (D:11)
  2 two-headed ogres (D:13)
  A catoblepas (D:13)
  A cyclops (D:11)
  A tengu conjurer (D:12)
  Prince Ribbit (D:5)
  3 shadows
  2 wyverns
  A vampire (D:12)
  7 yaks
  A steam dragon (D:8)
  A basilisk (D:9)
  4 humans (D:13)
  8 vampire mosquitoes (D:12)
  Menkaure (D:7)
  A warg (D:12)
  3 acid dragons
  3 water moccasins (D:9)
  3 orc warriors
  A black bear (D:5)
  7 centaurs
  3 lemures (D:5)
  A gnoll sergeant (D:8)
  A necrophage (D:5)
  7 wights (D:9)
  7 killer bees
  3 howler monkeys
  An electric eel (D:13)
  3 jellies
  4 hounds
  3 orc priests
  An orc wizard (D:12)
  2 gnolls (D:8)
  An adder (D:5)
  A white imp (D:6)
  A worm (D:5)
  4 orcs
  A giant cockroach (D:4)
  A goblin (D:12)
  A kobold (D:10)
  2 bushes
102 creatures vanquished.

Vanquished Creatures (others)
  2 orc knights (D:13)
  An orc sorcerer (D:13)
  A human (D:13)
  3 orc warriors
  4 orc priests
  5 orc wizards
  2 gnolls (D:3)
  19 orcs
  5 fungi (D:9)
  12 plants (D:9)
54 creatures vanquished.

Grand Total: 284 creatures vanquished

Notes
Turn   | Place    | Note
-------+----------+-------------------------------------------
     0 | D:1      | gzilladon the Hill Orc Monk began the quest for the Orb.
     0 | D:1      | Reached XP level 1. HP: 19/19 MP: 1/1
   120 | D:1      | Reached XP level 2. HP: 22/27 MP: 2/2
   362 | D:3      | Became a worshipper of Beogh the Brigand
   362 | D:3      | Reached * piety under Beogh
   362 | D:3      | Reached ** piety under Beogh
   390 | D:4      | Found a staircase to the Ecumenical Temple.
   467 | D:4      | Identified the +7 hand axe "Syocwij" {vamp, *Rage +Blink
                  | rN+++ Int-4}
   689 | D:1      | Reached XP level 3. HP: 31/33 MP: 3/3
   751 | D:1      | Found Lenkeg's General Store.
   803 | D:1      | Found a faded altar of an unknown god.
  1261 | D:2      | Reached skill level 5 in Axes
  1329 | D:2      | Reached XP level 4. HP: 36/40 MP: 4/4
  1335 | D:2      | Reached skill level 1 in Armour
  1379 | D:2      | Reached skill level 1 in Shields
  1629 | D:3      | Found a glowing golden altar of the Shining One.
  1985 | D:3      | Reached skill level 1 in Invocations
  2212 | D:3      | Reached XP level 5. HP: 46/46 MP: 5/5
  2394 | D:3      | Found a bloodstained altar of Trog.
  2473 | D:3      | Found a shadowy altar of Dithmenos.
  2798 | D:4      | Found a glowing silver altar of Zin.
  2870 | D:4      | Reached *** piety under Beogh
  2871 | D:4      | Reached skill level 6 in Axes
  3190 | D:4      | Found Otonony's Tremendous Tomes.
  3233 | D:5      | Entered Level 5 of the Dungeon
  3287 | D:5      | Reached XP level 6. HP: 48/53 MP: 7/7
  3394 | D:5      | Noticed Prince Ribbit
  3400 | D:5      | Killed Prince Ribbit
  3401 | D:5      | Reached XP level 7. HP: 60/60 MP: 1/9
  3405 | D:5      | Reached skill level 5 in Fighting
  3405 | D:5      | Reached skill level 7 in Axes
  3491 | D:5      | Noticed Pikel
  3501 | D:5      | Killed Pikel
  3502 | D:5      | Reached XP level 8. HP: 70/70 MP: 9/11
  3564 | D:5      | Reached skill level 8 in Axes
  3820 | D:5      | Noticed Blork the orc
  3828 | D:5      | Killed Blork the orc
  4566 | D:6      | Found a radiant altar of Vehumet.
  4605 | D:6      | You fall into a shaft and drop 1 floor!
  4798 | D:6      | Reached skill level 5 in Shields
  4798 | D:6      | Reached skill level 5 in Invocations
  4798 | D:6      | Reached XP level 9. HP: 78/78 MP: 12/12
  4868 | D:6      | Reached skill level 5 in Armour
  4925 | D:6      | Found Dusyonit's Armour Boutique.
  5026 | D:7      | Noticed Menkaure
  5032 | D:7      | Killed Menkaure
  5038 | D:7      | Noticed Joseph
  5044 | D:7      | Killed Joseph
  5045 | D:7      | Reached skill level 9 in Axes
  5354 | D:7      | Found a blossoming altar of Fedhas.
  5413 | D:7      | Gained Agrik as an ally
  5734 | D:7      | Found a runed translucent door.
  5734 | D:7      | Noticed Crazy Yiuf
  5798 | D:7      | Found a broken altar of Ashenzari.
  5799 | D:7      | Found a white marble altar of Elyvilon.
  5800 | D:7      | Found a snail-covered altar of Cheibriados.
  5801 | D:7      | Found a burning altar of Makhleb.
  5919 | D:7      | Found an iron altar of Okawaru.
  6392 | D:8      | Found an opulent altar of Gozag.
  7140 | D:9      | Found a sacrificial altar of Ru.
  7154 | D:9      | Noticed a two-headed ogre
  7162 | D:9      | Killed a two-headed ogre
  7163 | D:9      | Reached XP level 10. HP: 66/88 MP: 14/14
  7256 | D:9      | Found Rifenu Gisu's Jewellery Emporium.
  7322 | D:9      | Found a staircase to the Lair.
  7356 | D:9      | Reached **** piety under Beogh
  8641 | D:10     | Entered Level 10 of the Dungeon
  8661 | D:10     | Reached skill level 10 in Axes
  9213 | D:10     | Found a stormy altar of Qazlal.
  9295 | D:11     | Noticed a cyclops
  9299 | D:11     | Killed a cyclops
  9300 | D:11     | Reached XP level 11. HP: 95/95 MP: 16/16
  9312 | D:11     | Noticed a boulder beetle
  9327 | D:11     | Killed a boulder beetle
  9669 | D:11     | Noticed a manticore
  9678 | D:11     | Killed a manticore
 10293 | D:12     | Found a staircase to the Orcish Mines.
 11080 | D:12     | Gained Grimold as an ally
 11595 | D:13     | Noticed a two-headed ogre
 11602 | D:13     | Killed a two-headed ogre
 11680 | D:13     | Noticed Nessos
 11690 | D:13     | Noticed a two-headed ogre
 11692 | D:13     | Your ally Agrik died
 11698 | D:13     | Killed Nessos
 11699 | D:13     | Reached skill level 11 in Axes
 11699 | D:13     | Reached skill level 10 in Armour
 11701 | D:13     | Killed a two-headed ogre
 11702 | D:13     | Reached skill level 10 in Shields
 12155 | D:13     | Noticed a vault guard
 12169 | D:13     | Killed a vault guard
 12171 | D:13     | Reached XP level 12. HP: 106/106 MP: 18/18
 12172 | D:13     | Gained Milork as an ally
 12179 | D:13     | Found a gate to the Vaults.
 12284 | D:13     | Noticed a centaur warrior
 12293 | D:13     | Your ally Milork died
 12295 | D:13     | HP: 5/106 [centaur warrior/+3 flail (3)]
 12297 | D:13     | Killed a centaur warrior
 12735 | D:13     | Noticed a catoblepas
 12740 | D:13     | Noticed Rupert
 12743 | D:13     | Killed a catoblepas
 12751 | D:13     | Your ally Grimold died
 12755 | D:13     | Mangled by Rupert

Illustrated notes

Levels and vault maps discovered:
D:1:      onia_arrival_pyramid, layout_basic, serial_shops, shop,
          hellmonk_ecumenical_altar_zigzags, minmay_misc_feat_cross
D:2:      layout_basic, fountainhead
D:3:      layout_loops_cross, mainiacjoe_overflow_boulevard,
          nemelex_diamond_rough_becter, mainiacjoe_overflow_tiny_flanked,
          trog_book, lightli_sewer_entry_pipes
D:4:      layout_loops_ring, mainiacjoe_overflow_alcove_1,
          minmay_temple_entry_arrows, nicolae_shop_i_like_big_books
D:5:      layout_rooms, uniq_blork_the_orc, uniq_pikel, uniq_prince_ribbit1
D:6:      layout_rooms, overflow_temple_1_default, serial_shops, shop
D:7:      layout_rooms, old_standard_altar, mainiacjoe_overflow_alcove_3,
          lemuel_coloured_pillars_altar, reono_crystal_passage, uniq_menkaure,
          uniq_crazy_yiuf_cottage, uniq_joseph
D:8:      layout_gridville, lemuel_doored_altar
D:9:      layout_loops_corners, lemuel_tele_altar, minmay_lair_entry_grove,
          serial_shops, shop, chequers_serial_rivers_marsh,
          nicolae_elevator_lobby_plus
D:10:     layout_loops_cross, nicolae_qazlal_eye_of_the_storm
D:11:     layout_cave_pools, minivault_27
D:12:     layout_cave_pods, erik_orc_4
D:13:     layout_basic, ximxim_vaults_locker_room, uniq_nessos, uniq_rupert,
          uniq_jorgrun

Skill      XL: |  1  2  3  4  5  6  7  8  9 10 11 |
---------------+----------------------------------+-----
Fighting       | 4 5 6 7 8 9 |  9.9
Axes           | 5 6 7 8 9 10 11 | 11.2
Armour         | 1 2 3 4 7 9 10 | 10.8
Shields        | 1 2 3 5 6 8 10 | 10.7
Invocations    | 1 2 4 5 6 7 8 |  8.8
Dodging        | 3 |  3.8
Stealth        | |  1.5

Action                   |  1- 3 |  4- 6 |  7- 9 | 10-12 || total
-------------------------+-------+-------+-------+-------++-------
Melee: Hand axe          |    79 |    83 |   125 |   159 ||   446
       Punch             |     1 |       |       |       ||     1
Invok: Convert to Beogh  |     1 |       |       |       ||     1
       Smiting           |       |     2 |     1 |     7 ||    10
  Use: Potion            |       |     1 |       |       ||     1
 Stab: Distracted        |       |       |     2 |     2 ||     4
       Confused          |       |       |       |     2 ||     2
Armor: Scale mail        |    39 |    20 |       |       ||    59
       Chain mail        |       |     4 |    64 |    94 ||   162
Dodge: Dodged            |    30 |    14 |    36 |    45 ||   125
Block: Tower shield      |    34 |    38 |    87 |   187 ||   346
